| TOP OF THE 1ST |
|
Quad Cities River Bandits batting - Pitching for Lake County Captains : RHP Tatsuhito Shiota
|
|
Pitching: RHP Tatsuhito Shiota
|
|
|
Batting: RHB Sean Mounts
|
0-0: Ball 1-0: Called Strike 1-1: Swinging Strike 1-2: Strikes out swinging
|
|
Batting: LHB Danny Wolver
|
0-0: Ball 1-0: Ball 2-0: Foul Ball, location: 2F 2-1: Foul Ball, location: 2F 2-2: Fly out, F7 (Flyball, 7S, EV 88.1 MPH)
|
|
Batting: RHB Juan Mendoza
|
0-0: SINGLE (Groundball, P, EV 85.0 MPH) (infield hit)
|
|
Batting: RHB Nick Deegan
|
0-0: Foul Ball, location: 2F 0-1: Foul Ball, location: 2F 0-2: Fielders Choice at 2nd, 5-4 (Groundball, 5, EV 85.0 MPH)
|
| Top of the 1st over - 0 runs, 1 hit, 0 errors, 1 left on base; Quad Cities 0 - Lake County 0 |
| BOTTOM OF THE 1ST |
|
Lake County Captains batting - Pitching for Quad Cities River Bandits : RHP Manny Bonilla
|
|
Pitching: RHP Manny Bonilla
|
|
|
Batting: RHB Willie Gonzales
|
0-0: Swinging Strike 0-1: Swinging Strike 0-2: Strikes out looking
|
|
Batting: RHB Ricky Cordova
|
0-0: Ball 1-0: Called Strike 1-1: Ball 2-1: Swinging Strike 2-2: Foul Ball, location: 2F 2-2: Ground out 5-3 (Groundball, 56S, EV 91.9 MPH)
|
|
Batting: LHB John Holst
|
0-0: Swinging Strike 0-1: Ground out U3 (Groundball, 3, EV 94.4 MPH)
|
| Bottom of the 1st over - 0 runs, 0 hits, 0 errors, 0 left on base; Quad Cities 0 - Lake County 0 |
| TOP OF THE 2ND |
|
Quad Cities River Bandits batting - Pitching for Lake County Captains : RHP Tatsuhito Shiota
|
|
Batting: RHB Evan Fry
|
0-0: Foul Ball, location: 2F 0-1: Ball 1-1: Swinging Strike 1-2: Ball 2-2: Ground out 5-3 (Groundball, 5D, EV 86.9 MPH)
|
|
Batting: RHB Kieron Clark
|
0-0: Ground out 5-3 (Groundball, 5, EV 86.9 MPH)
|
|
Batting: RHB Jordan Williams
|
0-0: Ground out 4-3 (Groundball, 34, EV 83.1 MPH)
|
| Top of the 2nd over - 0 runs, 0 hits, 0 errors, 0 left on base; Quad Cities 0 - Lake County 0 |
| BOTTOM OF THE 2ND |
|
Lake County Captains batting - Pitching for Quad Cities River Bandits : RHP Manny Bonilla
|
|
Batting: LHB Danny Moreno
|
0-0: Called Strike 0-1: Fly out, F9 (Flyball, 9D, EV 87.5 MPH)
|
|
Batting: RHB Jeremy Givens
|
0-0: Foul Ball, location: 2F 0-1: Ball 1-1: Ball 2-1: Foul Ball, location: 2F 2-2: Fly out, F9 (Flyball, 9, EV 90.0 MPH)
|
|
Batting: LHB Devon Grant
|
0-0: Ball 1-0: Called Strike 1-1: Ball 2-1: Foul Ball, location: 2F 2-2: Strikes out swinging
|
| Bottom of the 2nd over - 0 runs, 0 hits, 0 errors, 0 left on base; Quad Cities 0 - Lake County 0 |
| TOP OF THE 3RD |
|
Quad Cities River Bandits batting - Pitching for Lake County Captains : RHP Tatsuhito Shiota
|
|
Batting: RHB Bobby Dunn
|
0-0: Ball 1-0: Ball 2-0: Ground out 5-3 (Groundball, 5, EV 103.1 MPH)
|
|
Batting: RHB Mike Koch
|
0-0: Ball 1-0: Swinging Strike 1-1: Ball 2-1: Swinging Strike 2-2: Ball 3-2: Strikes out looking
|
|
Batting: RHB Sean Mounts
|
0-0: SINGLE (Groundball, 56D, EV 100.6 MPH)
|
|
Batting: LHB Danny Wolver
|
0-0: Hit by Pitch Sean Mounts to second
|
|
Batting: RHB Juan Mendoza
|
0-0: Ball 1-0: Swinging Strike 1-1: Ball 2-1: Ball 3-1: Foul Ball, location: 2F 3-2: Strikes out looking
|
| Top of the 3rd over - 0 runs, 1 hit, 0 errors, 2 left on base; Quad Cities 0 - Lake County 0 |
| BOTTOM OF THE 3RD |
|
Lake County Captains batting - Pitching for Quad Cities River Bandits : RHP Manny Bonilla
|
|
Batting: LHB Alberto Chavez
|
0-0: Called Strike 0-1: Foul Ball, location: 2F 0-2: Foul Ball, location: 2F 0-2: Ground out 6-3 (Groundball, 6, EV 89.4 MPH)
|
|
Batting: RHB Reynaldo Herrera
|
0-0: Ball 1-0: Ball 2-0: Called Strike 2-1: Called Strike 2-2: Fly out, F9 (Line Drive, 89D, EV 93.1 MPH)
|
|
Batting: RHB Anibal Casteles
|
0-0: Fly out, F7 (Flyball, 7, EV 81.2 MPH)
|
| Bottom of the 3rd over - 0 runs, 0 hits, 0 errors, 0 left on base; Quad Cities 0 - Lake County 0 |
| TOP OF THE 4TH |
|
Quad Cities River Bandits batting - Pitching for Lake County Captains : RHP Tatsuhito Shiota
|
|
Batting: RHB Nick Deegan
|
0-0: Called Strike 0-1: Ball 1-1: Swinging Strike 1-2: Foul Ball, location: 2F 1-2: Ball 2-2: Fly out, F9 (Flyball, 9LM, EV 86.9 MPH)
|
|
Batting: RHB Evan Fry
|
0-0: Ball 1-0: Ball 2-0: Ball 3-0: Base on Balls
|
|
Batting: RHB Kieron Clark
|
0-0: Ball 1-0: Swinging Strike 1-1: Called Strike Evan Fry steals 2nd base 1-2: Ball 2-2: Foul Ball, location: 2F 2-2: Strikes out looking
|
|
Batting: RHB Jordan Williams
|
0-0: Ball 1-0: Ball 2-0: Fly out, F9 (Flyball, 9D, EV 84.4 MPH)
|
| Top of the 4th over - 0 runs, 0 hits, 0 errors, 1 left on base; Quad Cities 0 - Lake County 0 |
| BOTTOM OF THE 4TH |
|
Lake County Captains batting - Pitching for Quad Cities River Bandits : RHP Manny Bonilla
|
|
Batting: RHB Willie Gonzales
|
0-0: Ball 1-0: Foul Ball, location: 2F 1-1: Fly out, F9 (Flyball, 9S, EV 88.8 MPH)
|
|
Batting: RHB Ricky Cordova
|
0-0: Called Strike 0-1: Swinging Strike 0-2: DOUBLE (Line Drive, 7LS, EV 101.9 MPH)
|
|
Batting: LHB John Holst
|
0-0: Swinging Strike 0-1: Ball Ricky Cordova steals 3rd base 1-1: Ball 2-1: Ball 3-1: Base on Balls
|
|
Batting: LHB Danny Moreno
|
0-0: Ball 1-0: Ball 2-0: Called Strike 2-1: Ball 3-1: Base on Balls John Holst to second
|
|
Batting: RHB Jeremy Givens
|
0-0: Ball 1-0: Swinging Strike 1-1: Swinging Strike 1-2: SINGLE (Groundball, 4M, EV 103.8 MPH) (infield hit) Ricky Cordova scores John Holst to third Danny Moreno to second
|
|
Batting: LHB Devon Grant
|
0-0: Ball 1-0: Ball 2-0: Called Strike 2-1: Fly out, F7 (Flyball, 78S, EV 78.1 MPH)
|
|
Batting: LHB Alberto Chavez
|
0-0: Swinging Strike 0-1: Called Strike 0-2: Ball 1-2: Strikes out looking
|
| Bottom of the 4th over - 1 run, 2 hits, 0 errors, 3 left on base; Quad Cities 0 - Lake County 1 |
| TOP OF THE 5TH |
|
Quad Cities River Bandits batting - Pitching for Lake County Captains : RHP Tatsuhito Shiota
|
|
Batting: RHB Bobby Dunn
|
0-0: Ball 1-0: Called Strike 1-1: Ground out 5-3 (Groundball, 56, EV 103.8 MPH)
|
|
Batting: RHB Mike Koch
|
0-0: Called Strike 0-1: Fly out, F8 (Flyball, 8RD, EV 99.4 MPH)
|
|
Batting: RHB Sean Mounts
|
0-0: Foul Ball, location: 2F 0-1: Swinging Strike 0-2: Strikes out swinging
|
| Top of the 5th over - 0 runs, 0 hits, 0 errors, 0 left on base; Quad Cities 0 - Lake County 1 |
| BOTTOM OF THE 5TH |
|
Lake County Captains batting - Pitching for Quad Cities River Bandits : RHP Manny Bonilla
|
|
Batting: RHB Reynaldo Herrera
|
0-0: Called Strike 0-1: Ball 1-1: Ball 2-1: Swinging Strike 2-2: Foul Ball, location: 2F 2-2: Ball 3-2: Base on Balls
|
|
Batting: RHB Anibal Casteles
|
0-0: Called Strike 0-1: Called Strike Reynaldo Herrera steals 2nd base 0-2: Ball 1-2: SINGLE (Groundball, 56, EV 96.2 MPH) Reynaldo Herrera to third Runner from 3rd tries for Home, throw by LF and OUT! 7-2 Anibal Casteles to second
|
|
Batting: RHB Willie Gonzales
|
0-0: Ball 1-0: Foul Ball, location: 2F 1-1: Ground out 5-3 (Groundball, 56S, EV 83.8 MPH)
|
|
Batting: RHB Ricky Cordova
|
0-0: Ball 1-0: Foul Ball, location: 2F 1-1: Ball 2-1: Swinging Strike 2-2: Foul Ball, location: 2F 2-2: Ball 3-2: Strikes out swinging
|
| Bottom of the 5th over - 0 runs, 1 hit, 0 errors, 1 left on base; Quad Cities 0 - Lake County 1 |
| TOP OF THE 6TH |
|
Quad Cities River Bandits batting - Pitching for Lake County Captains : RHP Tatsuhito Shiota
|
|
Batting: LHB Danny Wolver
|
0-0: Ball 1-0: Ground out 3-1 (Groundball, 34, EV 85.6 MPH)
|
|
Batting: RHB Juan Mendoza
|
0-0: Called Strike 0-1: Ball 1-1: Called Strike 1-2: Ball 2-2: Ground out 6-3 (Groundball, 6, EV 77.5 MPH)
|
|
Batting: RHB Nick Deegan
|
0-0: Ball 1-0: DOUBLE (Line Drive, 89D, EV 105.6 MPH)
|
|
Batting: RHB Evan Fry
|
0-0: Foul Ball, location: 2F 0-1: Ball 1-1: Ground out 6-3 (Groundball, P, EV 93.8 MPH)
|
| Top of the 6th over - 0 runs, 1 hit, 0 errors, 1 left on base; Quad Cities 0 - Lake County 1 |
| BOTTOM OF THE 6TH |
|
Lake County Captains batting - Pitching for Quad Cities River Bandits : RHP Manny Bonilla
|
|
Batting: LHB John Holst
|
0-0: Ball 1-0: Ball 2-0: DOUBLE (Line Drive, 89D, EV 106.9 MPH)
|
|
Batting: LHB Danny Moreno
|
0-0: Ball 1-0: Ball 2-0: Ground out 6-3 (Groundball, 4M, EV 78.8 MPH) John Holst to third
|
|
Batting: RHB Jeremy Givens
|
0-0: Ball 1-0: Ball 2-0: Ball 3-0: Base on Balls
|
|
Batting: LHB Devon Grant
|
0-0: Called Strike 0-1: Ball 1-1: Ball 2-1: SINGLE (Line Drive, 9S, EV 91.9 MPH) John Holst scores Jeremy Givens to second Runner from 2nd tries for 3rd, SAFE, throw by RF made to third
|
|
Batting: LHB Alberto Chavez
|
0-0: Ball 1-0: Ball 2-0: Ball 3-0: Called Strike 3-1: Base on Balls Devon Grant to second
|
|
Pitching: RHP Elroy Meulenkamp
|
|
|
Batting: RHB Reynaldo Herrera
|
0-0: Ball 1-0: DOUBLE (Line Drive, 7LS, EV 103.1 MPH) Jeremy Givens scores Devon Grant scores Alberto Chavez to third Runner from 3rd tries for Home, throw by LF and OUT! 7-6-2 Reynaldo Herrera to third
|
|
Batting: RHB Anibal Casteles
|
0-0: Foul Ball, location: 2F 0-1: Ball 1-1: Swinging Strike 1-2: Ball 2-2: Strikes out swinging
|
| Bottom of the 6th over - 3 runs, 3 hits, 0 errors, 1 left on base; Quad Cities 0 - Lake County 4 |
| TOP OF THE 7TH |
|
Quad Cities River Bandits batting - Pitching for Lake County Captains : RHP Tatsuhito Shiota
|
|
Batting: RHB Kieron Clark
|
0-0: Called Strike 0-1: Foul Ball, location: 2F 0-2: Strikes out swinging
|
|
Batting: RHB Jordan Williams
|
0-0: Ball 1-0: Ball 2-0: Ball 3-0: Called Strike 3-1: Ground out U3 (Groundball, 3L, EV 90.0 MPH)
|
|
Batting: RHB Bobby Dunn
|
0-0: Called Strike 0-1: Fly out, F8 (Line Drive, 8RM, EV 93.8 MPH)
|
| Top of the 7th over - 0 runs, 0 hits, 0 errors, 0 left on base; Quad Cities 0 - Lake County 4 |
| BOTTOM OF THE 7TH |
|
Lake County Captains batting - Pitching for Quad Cities River Bandits : RHP Elroy Meulenkamp
|
|
Batting: RHB Willie Gonzales
|
0-0: Foul Ball, location: 2F 0-1: Swinging Strike 0-2: Foul Ball, location: 2F 0-2: Foul Ball, location: 2F 0-2: Ball 1-2: Foul Ball, location: 2F 1-2: Ball 2-2: Hit by Pitch
|
|
Batting: RHB Ricky Cordova
|
0-0: Foul Ball, location: 2F 0-1: Ball 1-1: Ball 2-1: Ball 3-1: Fielders Choice at 2nd, 6-4 (Groundball, 56, EV 106.2 MPH)
|
|
Batting: LHB John Holst
|
0-0: Ball 1-0: Foul Ball, location: 2F 1-1: Foul Ball, location: 2F 1-2: Grounds into double play, 4-6-3 (Groundball, 34, EV 78.8 MPH)
|
| Bottom of the 7th over - 0 runs, 0 hits, 0 errors, 0 left on base; Quad Cities 0 - Lake County 4 |
| TOP OF THE 8TH |
|
Quad Cities River Bandits batting - Pitching for Lake County Captains : RHP Tatsuhito Shiota
|
|
Batting: RHB Mike Koch
|
0-0: Ball 1-0: Ground out 5-3 (Groundball, 56, EV 107.5 MPH)
|
|
Batting: RHB Sean Mounts
|
0-0: SINGLE (Flyball, 6MD, EV 90.0 MPH)
|
|
Batting: LHB Danny Wolver
|
0-0: Swinging Strike 0-1: SINGLE (Groundball, 34S, EV 61.9 MPH) (infield hit) Sean Mounts to second
|
|
Batting: RHB Juan Mendoza
|
0-0: Called Strike 0-1: SINGLE (Line Drive, 78S, EV 92.5 MPH) Sean Mounts to third Danny Wolver to second Runner from 3rd tries for Home, SAFE, throw by LF to home
|
|
Batting: RHB Nick Deegan
|
0-0: Ball 1-0: Ball 2-0: Ground out 5-3 (Groundball, 56S, EV 65.6 MPH) Danny Wolver to third Juan Mendoza to second
|
|
Pitching: LHP Josh Black
|
|
|
Batting: RHB Evan Fry
|
0-0: Ground out 4-3 (Groundball, 4M, EV 107.5 MPH)
|
| Top of the 8th over - 1 run, 3 hits, 0 errors, 2 left on base; Quad Cities 1 - Lake County 4 |
| BOTTOM OF THE 8TH |
|
Lake County Captains batting - Pitching for Quad Cities River Bandits : RHP Elroy Meulenkamp
|
|
Batting: LHB Danny Moreno
|
0-0: Swinging Strike 0-1: Ground out 4-3 (Groundball, 4D, EV 110.0 MPH)
|
|
Batting: RHB Jeremy Givens
|
0-0: Called Strike 0-1: Ground out 4-3 (Groundball, 34, EV 83.1 MPH)
|
|
Batting: LHB Devon Grant
|
0-0: DOUBLE (Line Drive, 8RXD, EV 101.9 MPH)
|
|
Batting: LHB Alberto Chavez
|
0-0: Ball 1-0: Ball 2-0: Ball 3-0: Called Strike 3-1: Foul Ball, location: 2F 3-2: Base on Balls
|
|
Batting: RHB Reynaldo Herrera
|
0-0: Ball 1-0: Fly out, F6 (Line Drive, 6, EV 73.8 MPH)
|
| Bottom of the 8th over - 0 runs, 1 hit, 0 errors, 2 left on base; Quad Cities 1 - Lake County 4 |
| TOP OF THE 9TH |
|
Quad Cities River Bandits batting - Pitching for Lake County Captains : LHP Josh Black
|
|
Pitching: RHP Chris Cohen
|
|
|
Batting: RHB Kieron Clark
|
0-0: Ball 1-0: Foul Ball, location: 2F 1-1: Ground out 6-3 (Groundball, 6, EV 86.2 MPH)
|
|
Batting: RHB Jordan Williams
|
0-0: Ground out 5-3 (Groundball, 56, EV 101.2 MPH)
|
|
Batting: RHB Bobby Dunn
|
0-0: Called Strike 0-1: Foul Ball, location: 2F 0-2: Foul Ball, location: 2F 0-2: Strikes out swinging, 2-3 out at first.
|
| Top of the 9th over - 0 runs, 0 hits, 0 errors, 0 left on base; Quad Cities 1 - Lake County 4 |
|